| TOP OF THE 1ST |
|
Wichita State University Shockers batting - Pitching for Ohio State University Buckeyes : RHP Ben Fekete
|
|
Pitching: RHP Ben Fekete
|
|
|
Batting: RHB Kyle Gill
|
0-0: Foul Ball, location: 2F 0-1: Foul Ball, location: 2F 0-2: Foul Ball, location: 2F 0-2: Ball 1-2: Ground out 4-3 (Groundball, 4, EV 105.6 MPH)
|
|
Batting: RHB Byron Whitehead
|
0-0: Ball 1-0: Ball 2-0: Ball 3-0: Base on Balls
|
|
Batting: LHB Carlos Flores
|
0-0: Ball 1-0: Called Strike Byron Whitehead is caught stealing 2nd base 2-6 1-1: Called Strike 1-2: SINGLE (Line Drive, 56D, EV 100.6 MPH)
|
|
Batting: RHB Jason Adelstein
|
0-0: Called Strike 0-1: Ball 1-1: Fielders Choice at 2nd, 5-4 (Groundball, 5, EV 85.0 MPH)
|
| Top of the 1st over - 0 runs, 1 hit, 0 errors, 1 left on base; Wichita State University 0 - Ohio State University 0 |
| BOTTOM OF THE 1ST |
|
Ohio State University Buckeyes batting - Pitching for Wichita State University Shockers : RHP Steve Dodge
|
|
Pitching: RHP Steve Dodge
|
|
|
Batting: LHB Anthony Ross
|
0-0: Foul Ball, location: 2F 0-1: Ball 1-1: Ball 2-1: Fly out, F9 (Flyball, 9, EV 73.8 MPH)
|
|
Batting: RHB Jacob Carrano
|
0-0: Ball 1-0: Foul Ball, location: 2F 1-1: Fly out, F3 (Line Drive, 3, EV 61.9 MPH)
|
|
Batting: LHB Tony Abascal
|
0-0: Swinging Strike 0-1: Ball 1-1: TRIPLE (Line Drive, 89XD, EV 102.5 MPH)
|
|
Batting: RHB Tristan Gimple
|
0-0: Called Strike 0-1: Swinging Strike 0-2: Ball 1-2: Ball 2-2: Foul Ball, location: 2F 2-2: Foul Ball, location: 2F 2-2: Foul Ball, location: 2F 2-2: Foul Ball, location: 2F 2-2: Foul Ball, location: 2F 2-2: Foul Ball, location: 2F 2-2: Ground out 5-3 (Groundball, 5S, EV 68.1 MPH)
|
| Bottom of the 1st over - 0 runs, 1 hit, 0 errors, 1 left on base; Wichita State University 0 - Ohio State University 0 |
| TOP OF THE 2ND |
|
Wichita State University Shockers batting - Pitching for Ohio State University Buckeyes : RHP Ben Fekete
|
|
Batting: LHB Kyle Lee
|
0-0: Called Strike 0-1: Swinging Strike 0-2: Strikes out swinging
|
|
Batting: RHB Lucio Baratta
|
0-0: Ball 1-0: Foul Ball, location: 2F 1-1: Ground out 6-3 (Groundball, 6S, EV 72.5 MPH)
|
|
Batting: RHB Jeff Grant
|
0-0: Called Strike 0-1: Ball 1-1: Foul Ball, location: 2F 1-2: Foul Ball, location: 2F 1-2: Ball 2-2: Fly out, F7 (Flyball, 7, EV 96.2 MPH)
|
| Top of the 2nd over - 0 runs, 0 hits, 0 errors, 0 left on base; Wichita State University 0 - Ohio State University 0 |
| BOTTOM OF THE 2ND |
|
Ohio State University Buckeyes batting - Pitching for Wichita State University Shockers : RHP Steve Dodge
|
|
Pitching: LHP Rusty Estes
|
|
|
Batting: LHB Zach Brandt
|
0-0: Foul Ball, location: 2F 0-1: Foul Ball, location: 2F 0-2: Foul Ball, location: 2F 0-2: Ball 1-2: Ball 2-2: Ball 3-2: Foul Ball, location: 2F 3-2: Hit by Pitch
|
|
Batting: LHB Adam Simpson
|
0-0: Called Strike 0-1: Swinging Strike 0-2: Strikes out looking
|
|
Batting: RHB Marcelo Bardelli
|
0-0: Fly out, F7 (Flyball, 78M, EV 96.2 MPH)
|
|
Batting: LHB Ben Callaway
|
Pickoff Throw to First - Error! E1 Zach Brandt to second 0-0: Fly out, F9 (Flyball, 9D, EV 110.0 MPH)
|
| Bottom of the 2nd over - 0 runs, 0 hits, 1 error, 1 left on base; Wichita State University 0 - Ohio State University 0 |
| TOP OF THE 3RD |
|
Wichita State University Shockers batting - Pitching for Ohio State University Buckeyes : RHP Ben Fekete
|
|
Batting: SHB Mike Chafe
|
0-0: Called Strike 0-1: Fly out, F8 (Flyball, 78M, EV 91.2 MPH)
|
|
Batting: SHB Peter Faggard
|
0-0: Ball 1-0: Ball 2-0: Ball 3-0: Called Strike 3-1: Ground out 1-3 (Groundball, 23, EV 67.5 MPH)
|
|
Batting: RHB Kyle Gill
|
0-0: Ball 1-0: Ball 2-0: Swinging Strike 2-1: Foul Ball, location: 2F 2-2: Foul Ball, location: 2F 2-2: Foul Ball, location: 2F 2-2: Fly out, F9 (Flyball, 9D, EV 95.0 MPH)
|
| Top of the 3rd over - 0 runs, 0 hits, 0 errors, 0 left on base; Wichita State University 0 - Ohio State University 0 |
| BOTTOM OF THE 3RD |
|
Ohio State University Buckeyes batting - Pitching for Wichita State University Shockers : LHP Rusty Estes
|
|
Batting: RHB Masatoshi Mori
|
0-0: Swinging Strike 0-1: Ball 1-1: Ground out 6-3 (Groundball, 6, EV 83.1 MPH)
|
|
Batting: LHB Anthony Ross
|
0-0: Swinging Strike 0-1: Foul Ball, location: 2F 0-2: Ball 1-2: Strikes out swinging
|
|
Batting: RHB Jacob Carrano
|
0-0: Called Strike 0-1: Ball 1-1: Ground out 5-3 (Groundball, 56S, EV 85.6 MPH)
|
| Bottom of the 3rd over - 0 runs, 0 hits, 0 errors, 0 left on base; Wichita State University 0 - Ohio State University 0 |
| TOP OF THE 4TH |
|
Wichita State University Shockers batting - Pitching for Ohio State University Buckeyes : RHP Ben Fekete
|
|
Batting: RHB Byron Whitehead
|
0-0: Ball 1-0: Called Strike 1-1: SOLO HOME RUN (Flyball, 7D, EV 100.6 MPH), Distance : 384 ft
|
|
Batting: LHB Carlos Flores
|
0-0: Called Strike 0-1: Fly out, F7 (Flyball, 78M, EV 92.5 MPH)
|
|
Batting: RHB Jason Adelstein
|
0-0: Called Strike 0-1: Fly out, F7 (Line Drive, 7S, EV 94.4 MPH)
|
|
Batting: LHB Kyle Lee
|
0-0: Foul Ball, location: 2F 0-1: Swinging Strike 0-2: Ball 1-2: Ground out 6-3 (Groundball, P, EV 88.1 MPH)
|
| Top of the 4th over - 1 run, 1 hit, 0 errors, 0 left on base; Wichita State University 1 - Ohio State University 0 |
| BOTTOM OF THE 4TH |
|
Ohio State University Buckeyes batting - Pitching for Wichita State University Shockers : LHP Rusty Estes
|
|
Batting: LHB Tony Abascal
|
0-0: Ball 1-0: Ball 2-0: Ball 3-0: Called Strike 3-1: Base on Balls
|
|
Batting: RHB Tristan Gimple
|
0-0: Swinging Strike 0-1: Ball 1-1: Ball 2-1: Swinging Strike 2-2: Foul Ball, location: 2F 2-2: SINGLE (Groundball, 6D, EV 105.0 MPH) Tony Abascal to second
|
|
Pitching: RHP Steve Mattes
|
|
|
Batting: LHB Zach Brandt
|
0-0: Foul Ball, location: 2F 0-1: Ball 1-1: Fly out, F8 (Flyball, 8RS, EV 91.2 MPH)
|
|
Batting: LHB Adam Simpson
|
0-0: Foul Ball, location: 2F 0-1: Swinging Strike 0-2: Ball 1-2: Ball 2-2: Ball 3-2: Base on Balls Tony Abascal to third Tristan Gimple to second
|
|
Batting: RHB Marcelo Bardelli
|
0-0: Ball 1-0: Ball 2-0: SINGLE (Line Drive, 78S, EV 92.5 MPH) Tony Abascal scores Tristan Gimple to third Adam Simpson to second
|
|
Batting: LHB Ben Callaway
|
0-0: Foul Ball, location: 2F 0-1: Fly out, F7 (Flyball, 7, EV 86.9 MPH) Runner from 3rd tags up, SCORES, throw by LF
|
|
Batting: RHB Masatoshi Mori
|
0-0: Foul Ball, location: 2F 0-1: Swinging Strike 0-2: Strikes out swinging
|
| Bottom of the 4th over - 2 runs, 2 hits, 0 errors, 2 left on base; Wichita State University 1 - Ohio State University 2 |
| TOP OF THE 5TH |
|
Wichita State University Shockers batting - Pitching for Ohio State University Buckeyes : RHP Ben Fekete
|
|
Batting: RHB Lucio Baratta
|
0-0: Ball 1-0: Called Strike 1-1: Called Strike 1-2: Strikes out swinging
|
|
Batting: RHB Jeff Grant
|
0-0: Called Strike 0-1: Ball 1-1: Foul Ball, location: 2F 1-2: Fly out, F8 (Flyball, 78S, EV 69.4 MPH)
|
|
Batting: SHB Mike Chafe
|
0-0: Ball 1-0: SINGLE (Line Drive, 8RS, EV 108.8 MPH)
|
|
Batting: SHB Peter Faggard
|
0-0: Ball 1-0: Called Strike 1-1: Called Strike 1-2: Strikes out swinging
|
| Top of the 5th over - 0 runs, 1 hit, 0 errors, 1 left on base; Wichita State University 1 - Ohio State University 2 |
| BOTTOM OF THE 5TH |
|
Ohio State University Buckeyes batting - Pitching for Wichita State University Shockers : RHP Steve Mattes
|
|
Batting: LHB Anthony Ross
|
0-0: Ball 1-0: Ball 2-0: Ball 3-0: Called Strike 3-1: Fly out, F7 (Flyball, 78S, EV 86.9 MPH)
|
|
Batting: RHB Jacob Carrano
|
0-0: Called Strike 0-1: Ground out 6-3 (Groundball, 4MS, EV 76.2 MPH)
|
|
Batting: LHB Tony Abascal
|
0-0: Fly out, F5 (Popup, 5F, EV 65.6 MPH)
|
| Bottom of the 5th over - 0 runs, 0 hits, 0 errors, 0 left on base; Wichita State University 1 - Ohio State University 2 |
| TOP OF THE 6TH |
|
Wichita State University Shockers batting - Pitching for Ohio State University Buckeyes : RHP Ben Fekete
|
|
Batting: RHB Kyle Gill
|
0-0: Called Strike 0-1: Ball 1-1: Fly out, F9 (Line Drive, 89S, EV 95.0 MPH)
|
|
Batting: RHB Byron Whitehead
|
0-0: Ball 1-0: Called Strike 1-1: Swinging Strike 1-2: Ball 2-2: Strikes out swinging
|
|
Batting: LHB Carlos Flores
|
0-0: Ball 1-0: Called Strike 1-1: Fly out, F7 (Line Drive, 78M, EV 104.4 MPH)
|
| Top of the 6th over - 0 runs, 0 hits, 0 errors, 0 left on base; Wichita State University 1 - Ohio State University 2 |
| BOTTOM OF THE 6TH |
|
Ohio State University Buckeyes batting - Pitching for Wichita State University Shockers : RHP Steve Mattes
|
|
Batting: RHB Tristan Gimple
|
0-0: Ball 1-0: Ball 2-0: Fly out, F9 (Flyball, 89D, EV 100.6 MPH)
|
|
Pitching: LHP Alex Brown
|
|
|
Batting: LHB Zach Brandt
|
0-0: Ball 1-0: SOLO HOME RUN (Flyball, 9D, EV 95.6 MPH), Distance : 370 ft
|
|
Batting: LHB Adam Simpson
|
0-0: Foul Ball, location: 2F 0-1: Ground out 6-3 (Groundball, 6, EV 99.4 MPH)
|
|
Batting: RHB Marcelo Bardelli
|
0-0: Called Strike 0-1: Called Strike 0-2: Ball 1-2: Strikes out looking
|
| Bottom of the 6th over - 1 run, 1 hit, 0 errors, 0 left on base; Wichita State University 1 - Ohio State University 3 |
| TOP OF THE 7TH |
|
Wichita State University Shockers batting - Pitching for Ohio State University Buckeyes : RHP Ben Fekete
|
|
Batting: RHB Jason Adelstein
|
0-0: Called Strike 0-1: Ball 1-1: Ball 2-1: Ball 3-1: Foul Ball, location: 2F 3-2: Base on Balls
|
|
Batting: LHB Kyle Lee
|
0-0: Ball 1-0: Ball 2-0: Ball 3-0: Base on Balls Jason Adelstein to second
|
|
Pitching: RHP Rodolfo Lrio
|
|
|
Batting: RHB Lucio Baratta
|
0-0: Called Strike 0-1: Swinging Strike 0-2: Strikes out swinging
|
|
Batting: RHB Jeff Grant
|
0-0: Ball 1-0: Foul Ball, location: 2F 1-1: Grounds into double play, 6-4-3 (Groundball, 6, EV 81.9 MPH)
|
| Top of the 7th over - 0 runs, 0 hits, 0 errors, 1 left on base; Wichita State University 1 - Ohio State University 3 |
| BOTTOM OF THE 7TH |
|
Ohio State University Buckeyes batting - Pitching for Wichita State University Shockers : LHP Alex Brown
|
|
Pitching: LHP Éric Duval
|
|
|
Batting: LHB Ben Callaway
|
0-0: Foul Ball, location: 2F 0-1: Ball 1-1: Ball 2-1: Fly out, F8 (Flyball, 8LM, EV 88.8 MPH)
|
|
Batting: RHB Masatoshi Mori
|
0-0: Called Strike 0-1: Foul Ball, location: 2F 0-2: Strikes out swinging
|
|
Batting: LHB Anthony Ross
|
0-0: Foul Ball, location: 2F 0-1: Ball 1-1: SINGLE (Popup, 4MD, EV 53.1 MPH)
|
|
Batting: RHB Jacob Carrano
|
0-0: Fielders Choice at 2nd, 6-4 (Groundball, 6, EV 83.1 MPH)
|
| Bottom of the 7th over - 0 runs, 1 hit, 0 errors, 1 left on base; Wichita State University 1 - Ohio State University 3 |
| TOP OF THE 8TH |
|
Wichita State University Shockers batting - Pitching for Ohio State University Buckeyes : RHP Rodolfo Lrio
|
|
Batting: SHB Mike Chafe
|
0-0: Ball 1-0: Ball 2-0: Foul Ball, location: 2F 2-1: Swinging Strike 2-2: Foul Ball, location: 2F 2-2: Ball 3-2: Strikes out swinging
|
|
Batting: SHB Peter Faggard
|
0-0: Ball 1-0: Fly out, F7 (Flyball, 78M, EV 92.5 MPH)
|
|
Batting: RHB Kyle Gill
|
0-0: Ball 1-0: Foul Ball, location: 2F 1-1: Ball 2-1: Foul Ball, location: 2F 2-2: Strikes out swinging
|
| Top of the 8th over - 0 runs, 0 hits, 0 errors, 0 left on base; Wichita State University 1 - Ohio State University 3 |
| BOTTOM OF THE 8TH |
|
Ohio State University Buckeyes batting - Pitching for Wichita State University Shockers : LHP Éric Duval
|
|
Pitching: LHP John Schroeder
|
|
|
Batting: LHB Tony Abascal
|
0-0: Called Strike 0-1: Ball 1-1: Swinging Strike 1-2: Strikes out looking
|
|
Batting: RHB Tristan Gimple
|
0-0: Swinging Strike 0-1: Swinging Strike 0-2: Ball 1-2: Foul Ball, location: 2F 1-2: Fly out, F9 (Flyball, 9S, EV 93.1 MPH)
|
|
Batting: LHB Zach Brandt
|
0-0: Ground out 6-3 (Groundball, 6, EV 85.0 MPH)
|
| Bottom of the 8th over - 0 runs, 0 hits, 0 errors, 0 left on base; Wichita State University 1 - Ohio State University 3 |
| TOP OF THE 9TH |
|
Wichita State University Shockers batting - Pitching for Ohio State University Buckeyes : RHP Rodolfo Lrio
|
|
Pitching: RHP Eric Long
|
|
|
Batting: RHB Byron Whitehead
|
0-0: Called Strike 0-1: Swinging Strike 0-2: Strikes out looking
|
|
Batting: LHB Carlos Flores
|
0-0: Ground out 4-3 (Groundball, 4, EV 101.2 MPH)
|
|
Pinch Hitting: LHB Troy Davies
|
0-0: Ball 1-0: Ball 2-0: SINGLE (Line Drive, 89S, EV 91.9 MPH)
|
|
Batting: LHB Kyle Lee
|
0-0: Ball 1-0: Ball 2-0: Called Strike 2-1: Foul Ball, location: 2F 2-2: Strikes out looking
|
| Top of the 9th over - 0 runs, 1 hit, 0 errors, 1 left on base; Wichita State University 1 - Ohio State University 3 |
|